Map: Lightshade LE

Players

ArtVandelay

  • Race: Protoss Protoss
  • League: Diamond
  • Spawn Location: 11:00

Sleepy - Winner!

  • Race: Zerg Zerg
  • League: Diamond
  • Spawn Location: 5:00

VOD

Have the link to the VOD?

Description

Time

  • Played on: Oct. 16, 2020, 1:42 p.m.
  • Length: 12:57
Show
View Real Time Build Order
Export as new Build Order

ArtVandelay Protoss 

Build Orders: 1 Gate Expand, Oracle Opening 

Get SALT Encoding   

  12  0:00  Probe  
  13  0:13  Probe  
  14  0:20  Pylon  
  14  0:25  Probe  
  15  0:38  Probe (Chrono Boost)  
  16  0:42  Gateway  
  16  0:47  Probe (Chrono Boost)  
  17  0:51  Assimilator  
  17  0:52  Probe (Chrono Boost)  
  18  1:04  Probe  
  19  1:16  Probe  
  20  1:27  Nexus  
  20  1:37  Cybernetics Core  
  20  1:43  Assimilator  
  20  1:45  Probe  
  21  1:52  Pylon  
  21  1:59  Probe  
  22  2:10  Adept (Chrono Boost)  
  22  2:11  Probe  
  22  2:14  Warp Gate  
  25  2:23  Probe  
  26  2:33  Adept  
  28  2:39  Probe (Chrono Boost)  
  30  2:45  Stargate  
  30  2:46  Probe (Chrono Boost)  
  30  2:49  Probe (Chrono Boost)  
  31  2:57  Probe (Chrono Boost)  
  33  2:58  Probe (Chrono Boost)  
  33  3:03  Adept  
  35  3:17  Probe (Chrono Boost)  
  37  3:23  Gateway, Pylon, Probe (Chrono Boost)  
  38  3:27  Probe (Chrono Boost), Twilight Council  
  38  3:31  Probe (Chrono Boost)  
  38  3:32  Probe (Chrono Boost)  
  38  3:41  Probe  
  38  3:44  Probe  
  38  3:47  Oracle (Chrono Boost)  
  40  3:54  Probe  
  44  3:56  Probe  
  43  4:04  Assimilator  
  43  4:05  Zealot  
  43  4:06  Probe  
  43  4:08  Probe  
  47  4:14  Charge  
  46  4:17  Oracle  
  46  4:18  Probe  
  46  4:20  Probe  
  51  4:24  Stalker  
  51  4:30  Probe  
  54  4:37  Pylon, Probe  
  53  4:40  Pylon  
  53  4:41  Pylon  
  53  4:42  Probe  
  53  4:43  Pylon  
  54  4:53  Pylon  
  54  4:55  Oracle, Probe x2  
  54  4:56  Zealot  
  61  5:06  Gateway  
  59  5:08  Gateway  
  59  5:10  Gateway  
  59  5:11  Gateway  
  59  5:13  Gateway  
  59  5:14  Robotics Facility  
  59  5:19  Assimilator  
  59  5:33  Zealot x2  
  63  5:41  Void Ray (Chrono Boost)  
  63  5:44  Pylon  
  63  5:46  Pylon  
  67  5:53  Zealot  
  67  5:54  Zealot  
  71  6:20  Zealot  
  71  6:21  Phoenix (Chrono Boost), Zealot x6  
  84  6:39  Phoenix  
  86  6:51  Stalker  
  86  6:52  Zealot x6  
  100  7:06  Phoenix (Chrono Boost)  
  100  7:21  Stalker x4  
  100  7:22  Stalker x3  
  110  7:23  Phoenix  
  110  7:26  Pylon  
  110  7:28  Pylon  
  104  7:31  Pylon  
  98  7:37  Forge  
  98  7:41  Forge  
  94  7:44  Stargate  
  94  7:46  Pylon  
  94  7:48  Fleet Beacon  
  94  7:49  Pylon  
  94  7:56  Stalker  
  96  8:04  Warp Prism  
  98  8:06  Phoenix  
  100  8:26  Stalker x4  
  102  8:27  Stalker  
  96  8:38  Anion Pulse-Crystals  
  96  8:39  Phoenix  
  86  8:54  Stalker x3  
  86  8:55  Stalker  
  72  9:05  Protoss Ground Weapons Level 1  
  72  9:06  Protoss Ground Armor Level 1  
  72  9:09  Photon Cannon  
  68  9:13  Photon Cannon  
  68  9:15  Phoenix (Chrono Boost)  
  62  9:25  Stalker  
  62  9:26  Stalker  
  62  9:31  Stalker  
  62  9:37  Phoenix (Chrono Boost)  
  58  9:59  Phoenix (Chrono Boost)  
  60  10:09  Cybernetics Core  
  60  10:15  Phoenix (Chrono Boost)  
  62  10:32  Phoenix (Chrono Boost)  
  49  10:36  Zealot x5  
  48  10:54  Phoenix (Chrono Boost)  
  50  11:02  Zealot x2  
  50  11:03  Stalker x2  
  52  11:11  Phoenix (Chrono Boost)  
  52  11:19  Pylon  
  46  11:26  Probe x2  
  44  11:36  Phoenix  
  44  11:38  Probe  
  41  12:02  Nexus  
  16  12:29  Phoenix (Chrono Boost)  
Show
View Real Time Build Order
Export as new Build Order

Sleepy Zerg - Winner!

Build Orders: Hatch First 

Get SALT Encoding   

  12  0:00  Drone  
  13  0:12  Overlord  
  13  0:16  Drone  
  14  0:30  Drone x2  
  14  0:34  Drone  
  17  0:45  Drone  
  18  0:58  Drone  
  19  1:05  Hatchery  
  18  1:12  Spawning Pool  
  18  1:13  Drone  
  18  1:16  Extractor  
  17  1:18  Drone  
  18  1:28  Drone  
  19  1:39  Drone  
  20  1:50  Drone  
  21  1:56  Hatchery  
  21  2:00  Drone  
  21  2:12  Hatchery  
  20  2:17  Metabolic Boost  
  20  2:20  Zergling x2  
  21  2:23  Drone  
  22  2:30  Zergling x2  
  22  2:33  Drone  
  24  2:41  Queen  
  26  2:49  Queen  
  28  2:55  Overlord, Extractor  
  27  3:02  Extractor  
  26  3:13  Drone  
  26  3:14  Drone x2  
  26  3:15  Drone x3  
  32  3:20  Drone  
  32  3:21  Drone  
  32  3:25  Drone  
  35  3:29  Drone  
  36  3:37  Drone x3  
  36  3:38  Drone  
  40  3:41  Drone  
  40  3:45  Zergling x2  
  40  3:46  Zergling x2  
  42  3:49  Zergling x2  
  42  3:50  Drone  
  44  3:57  Drone x3  
  44  3:58  Drone  
  48  4:03  Lair  
  48  4:07  Overlord  
  48  4:17  Extractor  
  48  4:20  Drone x2, Extractor  
  48  4:27  Extractor  
  48  4:30  Drone x3, Extractor  
  49  4:37  Drone x4  
  53  4:39  Drone  
  53  4:41  Drone x2  
  55  5:03  Overlord x2  
  55  5:07  Spire, Drone  
  55  5:08  Overlord  
  55  5:09  Overlord  
  55  5:14  Overlord  
  55  5:15  Overlord x2  
  55  5:20  Queen  
  51  5:33  Drone x9  
  51  5:34  Drone x2  
  51  5:35  Drone  
  61  5:39  Drone  
  61  5:40  Drone  
  61  5:42  Drone  
  64  5:45  Drone  
  65  5:51  Drone, Overlord  
  65  5:55  Drone x2  
  67  6:14  Drone  
  67  6:15  Drone x8  
  67  6:16  Drone x2  
  67  6:18  Mutalisk  
  65  6:26  Zerg Flyer Weapons Level 1  
  65  6:28  Drone x3  
  65  6:29  Drone  
  63  6:33  Mutalisk  
  63  6:37  Mutalisk  
  67  6:42  Mutalisk  
  64  6:47  Mutalisk  
  64  6:51  Mutalisk  
  68  6:56  Mutalisk  
  70  7:02  Mutalisk x2  
  70  7:04  Mutalisk  
  70  7:08  Mutalisk  
  76  7:20  Mutalisk x3  
  79  7:31  Drone  
  79  7:32  Drone x3  
  79  7:38  Drone  
  79  7:39  Drone  
  79  7:40  Drone x4  
  79  7:43  Drone x2  
  87  7:55  Hatchery  
  87  7:56  Mutalisk  
  88  8:02  Overlord  
  88  8:04  Corruptor  
  90  8:08  Corruptor  
  92  8:25  Mutalisk x6  
  99  8:30  Mutalisk  
  99  8:31  Mutalisk  
  96  8:40  Drone  
  96  8:41  Drone x2  
  93  8:45  Drone  
  82  8:48  Drone x2  
  80  8:58  Drone x2  
  80  8:59  Drone  
  77  9:08  Zerg Flyer Weapons Level 2  
  77  9:09  Drone x2  
  80  9:10  Drone  
  80  9:13  Hatchery  
  79  9:19  Mutalisk x2  
  79  9:20  Mutalisk  
  79  9:29  Mutalisk  
  79  9:32  Mutalisk  
  79  9:33  Mutalisk  
  83  9:47  Mutalisk  
  83  9:50  Overlord  
  83  9:51  Drone x2, Overlord  
  87  9:54  Drone  
  88  10:03  Overlord  
  88  10:04  Drone  
  88  10:05  Overlord  
  89  10:13  Mutalisk x2  
  93  10:19  Drone  
  95  10:21  Drone  
  95  10:27  Hatchery  
  94  10:28  Mutalisk  
  94  10:29  Mutalisk  
  94  10:38  Mutalisk  
  92  10:45  Mutalisk  
  92  10:48  Drone  
  92  10:49  Queen, Drone x6  
  88  10:50  Queen x3  
  83  11:12  Drone  
  83  11:13  Drone x7  
  91  11:24  Drone  
  91  11:25  Drone x3  
  93  11:27  Mutalisk  
  93  11:28  Mutalisk  
  94  11:36  Drone x2  
  94  11:37  Drone  
  94  11:39  Drone  
  96  11:41  Drone  
  96  11:43  Drone  
  96  11:45  Drone  
  96  11:46  Mutalisk  
  101  11:53  Corruptor  
  103  11:58  Corruptor  
  105  12:06  Mutalisk x2  
  109  12:10  Corruptor  
  107  12:19  Mutalisk  
  103  12:23  Drone x2  
  103  12:24  Drone x7  
  103  12:25  Drone x2  
  110  12:30  Mutalisk  
Tags
 
Add a new tag
Caveats
  • Supply blocks, unpowered buildings, or Contaminate may cause inaccurate times.
  • Supply counts are checked every 10 seconds.